 Dungeon Crawl Stone Soup version 0.29.0-13-gc9e81de378 (webtiles) character file.

Game seed: 12782031689469402113

2 gelatine the Firebug (level 1, 0/13 HPs)
             Began as a Demonspawn Fire Elementalist on Sept 7, 2022.
             Slain by a jackal (1 damage)
             ... on level 1 of the Dungeon.
             The game lasted 00:00:27 (124 turns).

gelatine the Firebug (Demonspawn Fire Elementalist)  Turns: 124, Time: 00:00:27

Health: 0/13       AC:  2    Str:  8    XL:     1   Next: 33%
Magic:  2/3        EV: 12    Int: 16    God:
Gold:   14         SH:  0    Dex: 13    Spells: 3/4 levels left

rFire   . . .      SeeInvis .   d - +0 dagger
rCold   . . .      Faith    .   (no shield)
rNeg    . . .      Spirit   .   a - +0 robe
rPois   .          Reflect  .   (no helmet)
rElec   .          Harm     .   (no cloak)
rCorr   .          Rampage  .   (no gloves)
Will    .....                   (no boots)
Stlth   ++........              (no amulet)
HPRegen 0.04/turn               (no ring)
MPRegen 0.08/turn               (no ring)

@: no status effects
A: no striking features
a: no special abilities


You were on level 1 of the Dungeon.
You visited 1 branch of the dungeon, and saw 1 of its levels.

You collected 14 gold pieces.

Inventory:

Hand Weapons
 d - a +0 dagger (weapon)
Armour
 a - a +0 robe (worn)
Scrolls
 c - a scroll of poison {unknown}
Potions
 b - a potion of magic


   Skills:
 + Level 1.7 Dodging
 + Level 1.7 Stealth
 + Level 2.0 Spellcasting
 + Level 1.0 Conjurations
 + Level 2.9 Fire Magic


You had 3 spell levels left.
You knew the following spells:

 Your Spells              Type           Power      Damage    Failure   Level
a - Foxfire               Conj/Fire      28%        2x1d5     10%         1

Your spell library contained the following spells:

 Spells                   Type           Power      Damage    Failure   Level
 Scorch                   Fire           20%        2d6       10%         2
 Conjure Flame            Conj/Fire      7%         6-21      28%         3
 Inner Flame              Hex/Fire       6%         N/A       34%         3
 Flame Wave               Conj/Fire      7%         2d5       67%         4


Dungeon Overview and Level Annotations

Branches:
Dungeon (1/15)

Altars:


Message History

Your foxfire dissipates!
The jackal barely misses you. The jackal completely misses you.
The jackal attacks as you move away! The jackal barely misses you. x2
The jackal attacks as you move away!
The jackal bites you but does no damage.
The jackal bites you.
You barely miss the jackal. The jackal bites you.
You barely miss the jackal. The jackal barely misses you.
You hit the jackal but do no damage. The jackal bites you. x2
You hit the jackal.
The jackal is moderately wounded.
The jackal bites you.
You hit the jackal.
The jackal is heavily wounded.
The jackal bites you.
The jackal bites you but does no damage.
You closely miss the jackal.
The jackal is moderately wounded.
The jackal bites you but does no damage.
You hit the jackal.
The jackal is almost dead.
The jackal bites you.
* * * LOW HITPOINT WARNING * * *
You hit the jackal but do no damage.
The jackal is almost dead.
The jackal closely misses you. x2
You hit the jackal.
You kill the jackal!
You barely miss the jackal.
The jackal is moderately wounded.
The jackal bites you but does no damage.
The rat twitches its whiskers.
The jackal bites you but does no damage.
You hit the jackal but do no damage.
The jackal is moderately wounded.
The jackal barely misses you.
You closely miss the jackal.
The jackal is moderately wounded.
The jackal bites you.
You die...

.#.#.#.#.......######
....##.#######.#..
#.#....# #.#.#
...###.# #.#.# .#.#
#.# #.#.# ..## #.#
#.#.# #.# .# #.#.#
...# #.#.# .#...
#.#@# #####
#.#h####### #
#..r....... # ###
###.####### ..##..#
##.## .......##
##...##
.......K####.#>#.#
.......rh......#.#
.......#####.###.#


You could see a jackal and a rat.

Vanquished Creatures
  A giant cockroach (D:1)
  A jackal (D:1)
2 creatures vanquished.

Vanquished Creatures (others)
  A foxfire (D:1)
1 creature vanquished.

Grand Total: 3 creatures vanquished

Notes
Turn   | Place    | Note
-------+----------+-------------------------------------------
     0 | D:1      | gelatine the Demonspawn Fire Elementalist began the quest
                  | for the Orb.
     0 | D:1      | Reached XP level 1. HP: 13/13 MP: 3/3
   124 | D:1      | Slain by a jackal

Illustrated notes

Levels and vault maps discovered:
D:1:      lightli_arrival_lavapool, layout_loops_ring,
          dreamdust_ecumenical_altar_drowned_temple, kennysheep_flooded_box,
          serial_bayou_pond_c, st_stairs_5, hex_large, kennysheep_minor_cross,
          minivault_5, minmay_misc_feat_roman

Action                   || total
-------------------------++-------
Melee: Dagger            ||    12
 Cast: Foxfire           ||     3
Armor: Robe              ||     6
Dodge: Dodged            ||     9
